 Dungeon Crawl Stone Soup version 0.24-a0-420-g24607be9ce (webtiles) character file.

Game seed: 14807246981122205767

1532 emperorscorpion the Cleaver (level 8, -1/71 HPs)
             Began as a Minotaur Berserker on June 11, 2019.
             Was a Priest of Trog.
             Slain by a sixfirhy (6 damage)
             ... summoned by a kobold demonologist
             ... on level 8 of the Dungeon.
             The game lasted 00:08:32 (793 turns).

emperorscorpion the Cleaver (Minotaur Berserker)     Turns: 793, Time: 00:08:33

Health: -1/71      AC: 11    Str: 23    XL:     8   Next: 55%
Magic:  7/7        EV: 10    Int:  4    God:    Trog [***...]
Gold:   159        SH:  0    Dex: 11    Spells: 7/7 levels left

rFire    . . .     SeeInvis .   a - +2 hand axe
rCold    . . .     Gourm    .   (no shield)
rNeg     . . .     Faith    .   i - +0 chain mail
rPois    .         Spirit   .   (helmet restricted)
rElec    .         Reflect  .   m - +0 cloak
rCorr    .         Harm     .   (no gloves)
MR       .....                  (no boots)
Stlth    ..........             (no amulet)
HPRegen  0.21/turn              (no ring)
MPRegen  0.10/turn              (no ring)

@: berserk cooldown, slowed, very slow
A: retaliatory headbutt, horns 2
a: Berserk, Trog's Hand, Renounce Religion


You were on level 8 of the Dungeon.
You worshipped Trog.
Trog was most pleased with you.
You were not hungry.

You visited 1 branch of the dungeon, and saw 8 of its levels.

You collected 159 gold pieces.

Inventory:

Hand Weapons
 a - a +2 hand axe (weapon)
 p - a +3 scimitar of flaming
Missiles
 n - 11 poisoned darts (quivered)
Armour
 b - a +1 animal skin
 i - a +0 chain mail (worn)
 m - a +0 cloak (worn)
Wands
 e - a wand of flame (15)
 o - a wand of iceblast (7)
 q - a wand of clouds (5)
Scrolls
 d - a scroll of teleportation
 g - a scroll of fog
 h - a scroll of blinking {unknown}
 j - 2 scrolls of remove curse
Potions
 k - a potion of agility
 l - a potion of flight
Comestibles
 c - 4 rations
 f - 5 chunks of flesh


   Skills:
 + Level 6.8 Fighting
 + Level 9.4 Axes
 + Level 1.2 Throwing
 + Level 6.1 Armour
 + Level 4.4 Dodging
 + Level 1.0 Evocations


You had 7 spell levels left.
You didn't know any spells.
Your spell library was empty.

Dungeon Overview and Level Annotations

Branches:
Dungeon (8/15)
 Temple: D:4-7         Lair: D:8-11

Altars:
Dithmenos
Vehumet
Yredelemnul

Shops:
D:6 ((

Annotations:
D:6 Dowan, Duvessa
D:8 exclusion: statue


Innate Abilities, Weirdness & Mutations

You reflexively headbutt those who attack you in melee.
You have a pair of horns on your head.


Message History

Your chain mail prevents you from hitting the big kobold.
You barely miss the kobold.
The big kobold hits you but does no damage.
The kobold barely misses you.
The kobold demonologist barely misses you.
Unknown command.
You hit the kobold demonologist. You headbutt the kobold demonologist.
The kobold demonologist is moderately wounded.
You hit the big kobold but do no damage.
You miss the kobold.
The sixfirhy hits you but does no damage.
The sixfirhy hits you. The sixfirhy shocks you! The sixfirhy hits you!
* * * LOW HITPOINT WARNING * * *
The sixfirhy shocks you!
* * * LOW HITPOINT WARNING * * *
The big kobold hits you but does no damage.
The kobold barely misses you.
The kobold demonologist looks braver for a moment.
The sixfirhy hits you.
You die...

#####.# ..
##...#.#
.##......#
.....[..##
#.........##
#.#....# ..###
#....###.....
#.@K.#.....
#3KK.....#
#...>....#
...#.(.^....#
#..........# ##
.K..#...#..#####
#.
..#.##..........#
. K #K
#.....†###.# . #
##.#..†###.## #


You could see a kobold demonologist, a sixfirhy, a big kobold and a kobold.

Vanquished Creatures
  Erica (D:8)
  Prince Ribbit (D:7)
  Eustachio (D:4)
  2 sky beasts (D:8)
  A black bear (D:6)
  A centaur (D:8)
  An orc wizard (D:8)
  An orc priest (D:6)
  5 gnolls
  4 adders
  An ooze (D:4)
  A worm (D:4)
  A dart slug (D:1)
  10 orcs
  A bat (D:1)
  3 giant cockroaches
  4 hobgoblins
  4 jackals
  2 frilled lizards
  4 kobolds
  5 rats
54 creatures vanquished.

Notes
Turn   | Place    | Note
-------+----------+-------------------------------------------
     0 | D:1      | emperorscorpion the Minotaur Berserker began the quest for
                  | the Orb.
     0 | D:1      | Reached XP level 1. HP: 19/19 MP: 0/0
   115 | D:2      | Found a shadowy altar of Dithmenos.
   137 | D:3      | Reached skill level 4 in Axes
   137 | D:3      | Reached XP level 2. HP: 23/27 MP: 1/1
   142 | D:3      | Reached XP level 3. HP: 17/33 MP: 2/2
   315 | D:3      | Reached XP level 4. HP: 31/41 MP: 3/3
   325 | D:3      | Reached ** piety under Trog
   344 | D:4      | Noticed Eustachio
   360 | D:4      | Killed Eustachio
   360 | D:4      | Reached skill level 5 in Fighting
   360 | D:4      | Reached skill level 5 in Axes
   360 | D:4      | Reached XP level 5. HP: 19/48 MP: 4/4
   381 | D:4      | Found a basalt altar of Yredelemnul.
   504 | D:5      | Entered Level 5 of the Dungeon
   513 | D:5      | Reached skill level 6 in Axes
   552 | D:5      | Reached XP level 6. HP: 54/56 MP: 5/5
   595 | D:6      | Found Ugottemp's Antique Weapon Emporium.
   635 | D:6      | Found Garoathe's Antique Weapon Emporium.
   639 | D:6      | Noticed Duvessa
   639 | D:6      | Noticed Dowan
   658 | D:7      | Noticed Prince Ribbit
   677 | D:7      | Killed Prince Ribbit
   677 | D:7      | Reached skill level 7 in Axes
   677 | D:7      | Reached XP level 7. HP: 58/62 MP: 6/6
   713 | D:8      | Noticed Erica
   723 | D:8      | Killed Erica
   723 | D:8      | Reached skill level 8 in Axes
   723 | D:8      | Reached skill level 1 in Throwing
   723 | D:8      | Reached skill level 5 in Armour
   723 | D:8      | Reached XP level 8. HP: 65/71 MP: 7/7
   725 | D:8      | Reached skill level 9 in Axes
   744 | D:8      | Found a radiant altar of Vehumet.
   774 | D:8      | Reached *** piety under Trog
   777 | D:8      | Reached skill level 1 in Evocations
   783 | D:8      | Noticed a kobold demonologist
   786 | D:8      | Noticed a kobold demonologist
   792 | D:8      | Noticed a sixfirhy
   793 | D:8      | Slain by a sixfirhy

Levels and vault maps discovered:
D:1:      mrwooster_arrival_statue_3, layout_basic, minmay_tripent
D:2:      layout_rooms, grunt_dithmenos_smoke_and_mirrors
D:3:      layout_basic, okawaru_trees_1, nemelex_altar_shiori,
          gup_sewer_entry_spiral, first_ration, fedhas_altar_3
D:4:      layout_loops_cross, yredelemnul_altar_generic,
          hangedman_abyss_or_decor_lesser_grid, uniq_eustachio
D:5:      layout_cave_pools, minmay_temple_entry_drinking_statues, serial_park
D:6:      layout_basic, overflow_temple_1_default, serial_shops, shop_statue,
          nicolae_shop_stone, kennysheep_mini, uniq_grinder, uniq_duvessa,
          uniq_pikel
D:7:      wander_guarded_unrand_ratskin, layout_loops_corners,
          chequers_temple_overflow_statue_of_worship, grunt_ogre_cave,
          uniq_prince_ribbit1, uniq_crazy_yiuf_cottage
D:8:      layout_loops_ring, vehumet_statue, serial_shops,
          nicolae_shop_statue_plus, hangedman_decor_diamond_cutter,
          hangedman_abyss_or_decor_stabs, minivault_29, uniq_erica

Skill      XL: |  1  2  3  4  5  6  7  8 |
---------------+-------------------------+-----
Fighting       | 4 5 6 |  6.8
Axes           | 4 5 6 7 8 9 |  9.4
Armour         | 3 4 5 6 |  6.1
Dodging        | 3 4 |  4.4
Throwing       | 1 |  1.2
Evocations     | 1 |  1.0

Action                   |  1- 3 |  4- 6 |  7- 9 || total
-------------------------+-------+-------+-------++-------
Melee: Hand axe          |    32 |    73 |    16 ||   121
       Headbutt          |     6 |    12 |     4 ||    22
Throw: Dart              |       |     4 |       ||     4
Invok: Berserk           |     2 |     5 |     2 ||     9
Evoke: Wand              |       |       |     4 ||     4
  Use: Scroll            |     5 |     3 |     1 ||     9
       Potion            |     3 |     2 |       ||     5
  Eat: Chunk             |       |     5 |     3 ||     8
Armor: Animal skin       |     3 |       |       ||     3
       Chain mail        |     3 |    33 |    11 ||    47
Dodge: Dodged            |    21 |    39 |     7 ||    67

Table legend:
 A = Non-vault XP
 B = Vault XP
 C = Vault XP percentage of total XP
 D = Non-vault monster count
 E = Vault monster count
 F = Vault count percentage of total count
                 A         B        C        D         E       F
            +---------+---------+-------+---------+---------+-------
      Total |     798 |    1391 |  63.5 |      49 |       5 |   9.3
            +---------+---------+-------+---------+---------+-------
        D:1 |      12 |       3 |  20.0 |       5 |       2 |  28.6
        D:2 |       2 |       0 |   0.0 |       2 |       0 |   0.0
        D:3 |     109 |       0 |   0.0 |      19 |       0 |   0.0
        D:4 |      31 |     202 |  86.7 |       6 |       1 |  14.3
        D:5 |      28 |       0 |   0.0 |       3 |       0 |   0.0
        D:6 |     177 |       0 |   0.0 |       5 |       0 |   0.0
        D:7 |       2 |     274 |  99.3 |       1 |       1 |  50.0
        D:8 |     437 |     912 |  67.6 |       8 |       1 |  11.1
            +---------+---------+-------+---------+---------+-------
